 Dungeon Crawl Stone Soup version 0.23.0 (webtiles) character file.

Game seed: 6836176517325626839

231 KamiKatze the Chopper (level 6, -9/53 HPs)
             Began as a Hill Orc Fighter on Feb 8, 2019.
             Shot with an arrow by a centaur (17 damage)
             ... on level 3 of the Dungeon.
             The game lasted 00:07:00 (2107 turns).

KamiKatze the Chopper (Hill Orc Fighter)            Turns: 2107, Time: 00:07:00

Health: -9/53      AC:  7    Str: 21    XL:     6   Next: 4%
Magic:  6/6        EV:  9    Int:  8    God:
Gold:   117        SH:  9    Dex: 10    Spells: 5/5 levels left

rFire    . . .     SeeInvis .   a - +0 war axe
rCold    . . .     Gourm    .   c - +0 shield
rNeg     . . .     Faith    .   o - +2 ring mail {rPois}
rPois    +         Spirit   .   (no helmet)
rElec    .         Reflect  .   (no cloak)
rCorr    .         Harm     .   (no gloves)
MR       .....                  (no boots)
Stlth    ..........             (no amulet)
HPRegen  0.17/turn              (no ring)
MPRegen  0.10/turn              (no ring)

@: no status effects
A: no striking features
a: no special abilities


You were on level 3 of the Dungeon.
You were not hungry.

You visited 1 branch of the dungeon, and saw 3 of its levels.

You collected 117 gold pieces.

Inventory:

Hand Weapons
 a - a +0 war axe (weapon)
Missiles
 j - 97 stones
 t - 13 tomahawks (quivered)
 F - 2 throwing nets
Armour
 b - a +0 scale mail
 c - a +0 shield (worn)
 o - a +2 ring mail of poison resistance (worn)
Jewellery
 y - an uncursed amulet of guardian spirit {unknown}
 A - a +2 ring of evasion {unknown}
 E - an uncursed ring of resist corrosion {unknown}
Scrolls
 e - 2 scrolls of enchant weapon {unknown}
 h - 2 scrolls of immolation {unknown}
 i - a scroll of blinking {unknown}
 k - 2 scrolls of teleportation {unknown}
 l - 2 scrolls of random uselessness {unknown}
 r - a scroll of amnesia {unknown}
 s - a scroll of fog {unknown}
 v - 2 scrolls of remove curse {unknown}
 x - a scroll of enchant armour {unknown}
 z - 2 scrolls of identify {unknown}
 B - 2 scrolls of magic mapping {unknown}
Potions
 d - a potion of might
 g - a potion of degeneration {unknown}
 m - a potion of cancellation {unknown}
 n - 3 potions of flight {unknown}
 p - a potion of heal wounds {unknown}
 q - a potion of lignification {unknown}
 u - a potion of haste {unknown}
 C - a potion of curing {unknown}
 D - a potion of magic {unknown}
Comestibles
 f - 4 rations
 w - 7 chunks of flesh


   Skills:
 + Level 4.6 Fighting
 * Level 5.2 Axes
 + Level 4.1 Armour
 + Level 1.5 Dodging
 + Level 4.1 Shields


You had 5 spell levels left.
You didn't know any spells.
Your spell library was empty.

Dungeon Overview and Level Annotations

Branches:
Dungeon (3/15)

Altars:


Message History

Quivering
t - 13 tomahawks for throwing.
You see here a +0 spear.
f - 4 rations (gained 1)
F - 2 throwing nets (gained 1)
A centaur comes into view.
The centaur shouts!
The centaur wields a +2 shortbow of velocity.
The centaur shoots an arrow.
The arrow hits you!
* * * LOW HITPOINT WARNING * * *
You see here an arrow.
Unknown command.
The centaur shoots an arrow.
The arrow barely misses you.
The centaur shoots an arrow.
The arrow hits you.
* * * LOW HITPOINT WARNING * * *
x2 You see here an arrow.
The centaur shoots an arrow.
You block the arrow.
Things that are here:
an arrow; a scroll labeled QOICEI YNYIBLUO The centaur shoots an arrow.
The arrow hits you!
You die...

.................. ..............
.................................
..................#...........##.
##........... ....#...........###
.......###....#.c.#...........#
..............#...#...........#
..............#...#...........#
..............................###
.).....#........@................
.......#........(................
.......####.....(................
..........#....((.......#........
..........#.............#####....
..........#.............#........
........................#...[....
................)รท...............
.................))..............


You could see a centaur.

Vanquished Creatures
  An orc wizard (D:3)
  Natasha (thrice) (D:3)
  3 gnolls (D:3)
  3 adders
  An adder zombie (D:3)
  A worm (D:2)
  2 dart slugs
  2 leopard geckos (D:2)
  5 orcs
  3 giant cockroaches (D:2)
  7 hobgoblins
  A quokka (D:2)
  6 bats
  5 frilled lizards (D:1)
  4 goblins
  9 kobolds
  10 rats
66 creatures vanquished.

Notes
Turn   | Place    | Note
-------+----------+-------------------------------------------
     0 | D:1      | KamiKatze the Hill Orc Fighter began the quest for the Orb.
     0 | D:1      | Reached XP level 1. HP: 19/19 MP: 1/1
   283 | D:1      | Reached skill level 3 in Axes
   316 | D:1      | Reached XP level 2. HP: 25/27 MP: 2/2
   671 | D:1      | Reached XP level 3. HP: 31/33 MP: 3/3
  1327 | D:2      | Reached skill level 4 in Axes
  1480 | D:3      | Noticed Natasha
  1487 | D:2      | Reached XP level 4. HP: 40/40 MP: 4/4
  1605 | D:3      | Killed Natasha
  1605 | D:3      | Reached skill level 1 in Dodging
  1776 | D:3      | Reached XP level 5. HP: 33/47 MP: 5/5
  1815 | D:3      | Noticed Natasha
  1824 | D:3      | Killed Natasha
  1936 | D:3      | Noticed Natasha
  1946 | D:3      | Killed Natasha
  1946 | D:3      | Reached skill level 5 in Axes
  2081 | D:3      | Reached XP level 6. HP: 26/53 MP: 6/6
  2107 | D:3      | Shot with an arrow by a centaur

Skill      XL: |  1  2  3  4  5 |
---------------+----------------+-----
Axes           | 3 4 5 |  5.2
Fighting       | 4 |  4.6
Dodging        | 1 |  1.5
Armour         | 4 |  4.1
Shields        | 4 |  4.1

Action                   |  1- 3 |  4- 6 || total
-------------------------+-------+-------++-------
Melee: War axe           |   133 |    75 ||   208
Throw: Stone             |       |     1 ||     1
  Eat: Chunk             |     2 |     2 ||     4
Armor: Scale mail        |    12 |       ||    12
       Ring mail         |    48 |    43 ||    91
Dodge: Dodged            |    46 |    44 ||    90
Block: Shield            |    50 |    57 ||   107
